 Dungeon Sprint DCSS version 0.29-a0-512-gf59ac788ac (webtiles) character file.

Game seed: 8388516244439277992

1916 mhtbhm the Grappler (level 8, -3/75 HPs)
             Began as a Troll Transmuter on May 29, 2022.
             Was an Initiate of Gozag.
             Slain by a cyclops (shapeshifter) (25 damage)
             ... in the Dungeon (Sprint IX: "|||||||||||||||||||||||||||||").
             The game lasted 00:01:35 (516 turns).

mhtbhm the Grappler (Troll Transmuter)               Turns: 516, Time: 00:01:36

Health: -3/75      AC:  4    Str: 19    XL:     8   Next: 95%
Magic:  3/15       EV: 12    Int: 11    God:    Gozag
Gold:   585        SH:  0    Dex: 16    Spells: 8/18 levels left

rFire   . . .      SeeInvis .     - Unarmed
rCold   . . .      Faith    .   (no shield)
rNeg    . . .      Spirit   .   a - +0 robe
rPois   .          Reflect  .   (helmet currently unavailable)
rElec   .          Harm     .   (no cloak)
rCorr   .          Rampage  .   (gloves unavailable)
Will    .....      NoTele   +   (boots unavailable)
Stlth   +.........              (no amulet)
HPRegen 1.02/turn               k - +3 ring of dexterity
MPRegen 0.14/turn               l - +3 ring of dexterity

@: appendages, wereblooded, very slightly contaminated
A: horns 2, talons 2, large, unfitting armour, claws 3, regeneration 1, shaggy
fur 1, tough skin 1
a: End Transformation, Renounce Religion, Potion Petition, Call Merchant, Bribe
Branch


You were in the Dungeon.
You worshipped Gozag.
Gozag was pleased with you.
You had temporarily grown beastly horns and talons.
You visited 1 branch You collected 585 gold pieces.

Inventory:

Armour
 a - a +0 robe (worn)
Jewellery
 k - a +3 ring of dexterity (left claw)
 l - a +3 ring of dexterity (right claw)
Wands
 j - a wand of acid (8)
Scrolls
 h - 2 scrolls of blinking
 i - 2 scrolls of amnesia
Potions
 b - a potion of lignification
 c - 5 potions of curing
 d - 2 potions of heal wounds
 e - a potion of haste
 f - 4 potions of magic
 g - a potion of invisibility


   Skills:
 + Level 3.2 Fighting
 + Level 6.1 Dodging
 + Level 0.1 Stealth
 + Level 13.7 Unarmed Combat
 + Level 5.8 Spellcasting
 + Level 6.5 Transmutations
 + Level 2.3 Ice Magic
 + Level 0.3 Evocations


You had 8 spell levels left.
You knew the following spells:

 Your Spells              Type           Power      Damage    Failure   Level
a - Beastly Appendage     Tmut           34%        N/A       1%          1
b - Wereblood             Tmut           17%        N/A       1%          2
c - Spider Form           Tmut/Pois      10%        N/A       16%         3
d - Ice Form              Ice/Tmut       12%        N/A       32%         4

Your spell library contained the following spells:

 Spells                   Type           Power      Damage    Failure   Level


Dungeon Overview and Level Annotations

Branches:
Dungeon (1/1)

Altars:
Cheibriados
Dithmenos
Elyvilon
Fedhas
Gozag
Hepliaklqana
Kikubaaqudgha
Makhleb
Nemelex Xobeh
Okawaru
Qazlal
Ru
Sif Muna
Trog
Uskayaw
Vehumet
Wu Jian
Xom
Yredelemnul
Zin
The Shining One
Beogh
Jiyva
Lugonu


Innate Abilities, Weirdness & Mutations

You have temporarily grown beastly horns and talons.
You are too large for most types of armour.
You have claws for hands.
Your natural rate of healing is unusually fast.
You are covered in fur. (AC +1)
You have tough skin. (AC +1)


Message History

Confirm with . or Enter, or press ? or * to list all spells.
You miscast Ice Form.
You are very lightly contaminated with residual magic.
You feel very strange.
Casting: Ice Form (dangerous; 32% risk of failure)
Confirm with . or Enter, or press ? or * to list all spells.
You miscast Ice Form.
A chill runs through your body!
You start resting.
A cyclops opens the door.
There are monsters nearby!
There are monsters nearby!
There are monsters nearby!
There are monsters nearby!
Unknown command.
Okay, then.
The cyclops shouts!
The cyclops hits you!!
There is an open door, spattered with blood here.
You claw the cyclops! You claw the cyclops.
The cyclops is heavily wounded.
You mangle the cyclops!!
The cyclops is almost dead.
The howler monkey hoots and howls with incredible vigour!
The cyclops hits you!!
* * * LOW HITPOINT WARNING * * *
You scratch the cyclops.
The cyclops is almost dead.
Unknown command.
Casting: Ice Form (dangerous; 32% risk of failure)
Confirm with . or Enter, or press ? or * to list all spells.
You grow a pair of large bovine horns.
Your feet morph into talons.
The cyclops hits you!!
* * * LOW HITPOINT WARNING * * *
Unknown command.
You feel much better.
You barely miss the cyclops. You headbutt the cyclops.
The cyclops is almost dead.
The cyclops hits you!!
You die...
Your body crumbles into a pile of gold.

▓.▓
$
▓'▓
$
▓)▓
▓.▓
$
▓.▓
$
▓.▓
$ $
▓.▓
$
▓.▓
$
▓@▓
▓C▓
▓Y▓
▓h▓
▓.▓
▓.▓
▓.▓
▓+▓


You could see a catoblepas, a cyclops and a howler monkey.

Vanquished Creatures
  A catoblepas (D)
  A manticore (D)
  An unseen horror (D)
  3 vampire mosquitoes (D)
  An acid dragon (D)
  An ogre (D)
  A centaur (D)
  A gnoll sergeant (D)
  A howler monkey (D)
  A jelly (D)
  An iguana (D)
  An ufetubus (D)
  An endoplasm (D)
  A hobgoblin (D)
  A bat (D)
  A frilled lizard (D)
  A kobold (D)
19 creatures vanquished.

Notes
Turn   | Place    | Note
-------+----------+-------------------------------------------
     0 | D        | mhtbhm the Troll Transmuter began the quest for the Orb.
     0 | D        | Reached XP level 1. HP: 18/18 MP: 1/1
    39 | D        | Noticed an ogre
    39 | D        | Noticed an iguana
    39 | D        | Noticed a gnoll sergeant
    39 | D        | Noticed a jelly
    41 | D        | Killed an ogre
    42 | D        | Reached skill level 6 in Unarmed Combat
    42 | D        | Reached XP level 2. HP: 14/26 MP: 0/4
    42 | D        | Reached XP level 3. HP: 17/32 MP: 0/5
    42 | D        | Reached XP level 4. HP: 21/40 MP: 0/6
    45 | D        | Reached skill level 7 in Unarmed Combat
    47 | D        | Killed a gnoll sergeant
    48 | D        | Reached skill level 8 in Unarmed Combat
    48 | D        | Reached XP level 5. HP: 17/46 MP: 0/8
    50 | D        | Reached skill level 9 in Unarmed Combat
   107 | D        | Learned a level 2 spell: Wereblood
   111 | D        | Learned a level 3 spell: Spider Form
   116 | D        | Learned a level 4 spell: Ice Form
   120 | D        | Found a snail-covered altar of Cheibriados.
   120 | D        | Found a shadowy altar of Dithmenos.
   120 | D        | Found a white marble altar of Elyvilon.
   120 | D        | Found a blossoming altar of Fedhas.
   120 | D        | Found an opulent altar of Gozag.
   121 | D        | Found a hazy altar of Hepliaklqana.
   122 | D        | Found a viscous altar of Jiyva.
   123 | D        | Found an ancient bone altar of Kikubaaqudgha.
   124 | D        | Found a corrupted altar of Lugonu.
   125 | D        | Found a burning altar of Makhleb.
   126 | D        | Found a sparkling altar of Nemelex Xobeh.
   127 | D        | Found an iron altar of Okawaru.
   128 | D        | Became a worshipper of Gozag Ym Sagoz the Greedy
   129 | D        | Found a stormy altar of Qazlal.
   130 | D        | Found a sacrificial altar of Ru.
   131 | D        | Found a shimmering blue altar of Sif Muna.
   132 | D        | Found a bloodstained altar of Trog.
   133 | D        | Found a hide-covered altar of Uskayaw.
   134 | D        | Found a radiant altar of Vehumet.
   135 | D        | Found an ornate altar of the Wu Jian Council.
   136 | D        | Found a shimmering altar of Xom.
   137 | D        | Found a basalt altar of Yredelemnul.
   138 | D        | Found a glowing silver altar of Zin.
   139 | D        | Found a glowing golden altar of the Shining One.
   203 | D        | Noticed a vampire mosquito
   203 | D        | Noticed a vampire mosquito
   203 | D        | Noticed a centaur
   203 | D        | Noticed an acid dragon
   208 | D        | Killed a vampire mosquito
   209 | D        | Reached skill level 1 in Fighting
   209 | D        | Reached skill level 10 in Unarmed Combat
   209 | D        | Reached XP level 6. HP: 41/55 MP: 2/10
   211 | D        | Killed a vampire mosquito
   215 | D        | Reached skill level 11 in Unarmed Combat
   217 | D        | Reached XP level 7. HP: 39/62 MP: 3/12
   306 | D        | Killed an unseen horror
   307 | D        | Reached skill level 5 in Dodging
   307 | D        | Reached skill level 5 in Transmutations
   312 | D        | Reached skill level 12 in Unarmed Combat
   373 | D        | Noticed a catoblepas
   373 | D        | Noticed a manticore
   373 | D        | Noticed a deep troll
   373 | D        | Noticed a vampire mosquito
   373 | D        | Noticed a catoblepas
   380 | D        | Killed a catoblepas
   381 | D        | Reached skill level 13 in Unarmed Combat
   381 | D        | Reached skill level 5 in Spellcasting
   381 | D        | Reached skill level 1 in Ice Magic
   381 | D        | Reached XP level 8. HP: 39/74 MP: 8/15
   428 | D        | Noticed a shock serpent
   459 | D        | Noticed an orb spider
   463 | D        | Killed a manticore
   510 | D        | Noticed a cyclops
   516 | D        | Slain by a cyclops (shapeshifter)

Illustrated notes

Levels and vault maps discovered:
D:        linesprint [early_d, line_temple, items_1, d_10, items_2, lair_1,
          lair_end, items_3, orc_1, orc_end, items_4, d_15, swamp_1, shoals_1,
          snake_1, spider_1, d_20, vaults_1, items_5, swamp_end, shoals_end,
          snake_end, spider_end, vaults_end, d_27, items_6, zot_1, zot_end,
          crypt_end, forest_end, elf_end, slime_end, tomb_end, abyss_end,
          pan_hell_end]

Skill      XL: |  1  2  3  4  5  6  7  8 |
---------------+-------------------------+-----
Dodging        | 2 3 4 5 6 |  6.1
Unarmed Combat | 6 8 10 11 13 | 13.7
Spellcasting   | 2 3 4 5 |  5.8
Transmutations | 2 3 4 6 |  6.5
Fighting       | 1 2 3 |  3.2
Ice Magic      | 1 2 |  2.3
Stealth        | |  0.1
Evocations     | |  0.3

Action                   |  1- 3 |  4- 6 |  7- 9 || total
-------------------------+-------+-------+-------++-------
Melee: Unarmed           |    10 |    20 |    25 ||    55
       Kick              |     1 |     3 |       ||     4
       Headbutt          |     1 |       |     1 ||     2
       Punch             |       |       |     1 ||     1
 Cast: Beastly Appendage |     2 |       |     1 ||     3
       Wereblood         |       |     1 |     5 ||     6
       Ice Form          |       |     1 |     4 ||     5
Evoke: Wand              |       |       |     2 ||     2
  Use: Potion            |     1 |       |     1 ||     2
Armor: Robe              |     2 |     1 |       ||     3
       Skin              |       |     1 |     5 ||     6
Dodge: Dodged            |     5 |     6 |     5 ||    16

Table legend: (Time is in decaauts)
 A = Elapsed time spent in this place.
 B = Non-inter-level travel time spent in this place.
 C = Inter-level travel time spent in this place.
 D = Time resting spent in this place.
 E = Time spent auto-exploring this place.
 F = Levels seen in this place.
 G = Mean time per level.
                   A        B        C        D        E       F      G
               +--------+--------+--------+--------+--------+-----+--------+
         Total |    516 |    516 |      0 |    342 |      3 |   1 |  516.0 |
       Dungeon |    516 |    516 |      0 |    342 |      3 |   1 |  516.0 |
               +--------+--------+--------+--------+--------+-----+--------+

Top non-repeatable levels by time:
       D: 516 daAuts
